 Dungeon Crawl Stone Soup version 0.20.1-1-g8b1a95d (console) character file.

1861 bli the Blocker (level 9, -1/71 HPs)
             Began as a Formicid Fighter on Aug 10, 2017.
             Was a Believer of Makhleb.
             Succumbed to an orc warrior's poison
             ... on level 8 of the Dungeon on Aug 12, 2017.
             The game lasted 00:29:50 (6495 turns).

bli the Blocker (Formicid Fighter)                  Turns: 6495, Time: 00:29:50

Health: -1/71      AC:  8    Str: 22    XL:     9   Next: 35%
Magic:  9/9        EV: 12    Int:  7    God:    Makhleb [**....]
Gold:   415        SH: 12    Dex: 13    Spells: 8/8 levels left

rFire    . . .     SeeInvis +   a - +2 rapier (venom)
rCold    . . .     Gourm    +   s - +0 shield
rNeg     . . .     Faith    .   n - +1 ring mail {MR+}
rPois    .         Spirit   .   (helmet unavailable)
rElec    .         Reflect  .   (no cloak)
rCorr    .         Harm     .   (no gloves)
MR       +....                  L - +0 pair of boots
Stlth    +.........             y - amulet of the gourmand
Regen    0.3/turn               E - ring of wizardry
MPRegen  0.2/turn               (no ring)

@: lethally poisoned (-1 -> -19)
A: permanent stasis, dig shafts and tunnels, four strong arms, antennae 3
a: Dig, Shaft Self, Minor Destruction, Renounce Religion


You were on level 8 of the Dungeon.
You worshipped Makhleb.
Makhleb was pleased with you.
You were completely stuffed.

You visited 2 branches of the dungeon, and saw 10 of its levels.

You collected 415 gold pieces.

Inventory:

Hand Weapons
 a - a +2 rapier of venom (weapon)
 b - a +5 long sword of freezing
 c - a +2 dagger of holy wrath
 m - a +0 bardiche
 x - a +2 spear of freezing
 H - a +2 falchion of slicing
 O - a +3 rapier of protection
Missiles
 t - 7 javelins (quivered)
 w - 197 stones
Armour
 i - a +1 robe of fire resistance
 n - a +1 ring mail of magic resistance (worn)
 s - a +0 shield (worn)
 L - a +0 pair of boots (worn)
Jewellery
 o - a cursed amulet of harm {unknown}
 y - an amulet of the gourmand (around neck)
 E - a ring of wizardry (left hand)
Wands
 h - a wand of acid (10/15)
 v - a wand of clouds (4/9)
 D - a wand of random effects (37/48)
 G - a wand of paralysis (9/24)
 M - a wand of confusion (14/48)
 Q - a wand of acid (3/15)
Scrolls
 q - a scroll of magic mapping
 r - a scroll of recharging
 B - a scroll of enchant armour {unknown}
 C - 2 scrolls of enchant weapon
 F - a scroll of immolation {unknown}
 K - a scroll of fear
 P - a scroll of noise {unknown}
Potions
 d - 2 potions of might
 e - a potion of ambrosia {unknown}
 g - a potion of berserk rage
 j - 2 potions of haste {unknown}
 k - 2 potions of flight {unknown}
 p - a potion of brilliance {unknown}
 u - 5 potions of curing {unknown}
 z - 4 potions of mutation {unknown}
 A - 2 potions of heal wounds
Books
 J - a book of Cantrips

   Spells                             Type                      Level
   a - Confusing Touch                Hexes                        1
   b - Animate Skeleton               Necromancy                   1
   c - Summon Small Mammal            Summoning                    1
   d - Apportation                    Translocation                1
Comestibles
 f - 6 bread rations
 l - 2 meat rations
 I - 3 royal jellies
 N - 7 fruits
 R - 6 chunks of flesh


   Skills:
 * Level 6.8 Fighting
   Level 4.0 Axes
 + Level 5.7 Armour
 + Level 3.1 Dodging
 + Level 1.6 Stealth
 * Level 9.7 Shields


You had 8 spell levels left.
You didn't know any spells.

Dungeon Overview and Level Annotations

Branches:
Dungeon (9/15)             Temple (1/1) D:4
   Lair: D:8-11         Orc: D:9-12

Altars:
Cheibriados
Dithmenos
Elyvilon
Fedhas
Gozag
Hepliaklqana
Kikubaaqudgha
Makhleb
Nemelex Xobeh
Okawaru
Qazlal
Ru
Sif Muna
Trog
Uskayaw
Vehumet
Xom
Yredelemnul
Zin
The Shining One


Innate Abilities, Weirdness & Mutations

You cannot be hasted, slowed, berserked, paralysed or teleported.
You can dig through walls and to a lower floor.
Your four strong arms can wield two-handed weapons with a shield.
You have a pair of large antennae on your head. (SInv)


Message History

Your +2 rapier of venom begins to drip with poison!
a - a +2 rapier of venom (weapon)
You feel sick. The orc warrior closely misses you.
You barely miss the orc warrior.
The orc warrior is moderately wounded.
You block the orc warrior's attack.
You hit the orc warrior but do no damage.
The orc warrior is poisoned.
The orc warrior is moderately wounded.
You feel sick. The orc warrior barely misses you.
You barely miss the orc warrior.
The orc warrior is moderately wounded.
The orc warrior hits you with a halberd of venom!
* * * LOW HITPOINT WARNING * * *
You are lethally poisoned!
* * * LOW HITPOINT WARNING * * *
You feel sick.
The killer bee buzzes angrily.
You block the orc warrior's attack.
You die...

..#.....##..# ..###.
..#......#..# .# ..'......#... ..
..#####.##..##...# ..#
#.######...# ..# ... #.. ..# .
#..###.....# ..#### #....#.....#
..#..## #.y..#.....# ..#...#
#....#.....# ..... ..#...#
#..@.+.....####..... ..#...#
#....#.....#..#..... ..'...#
#....#.....#..#..... ..#...#
#..o.#.....#..#..... ..#+###....
#...†'.....#..#..... ..#..##.....
#...>#.....'..#..... ..#.........
#+####.....#..'.....
..#..........#....'.....####.....
..#..........#....#.........#####
..#..........#....#.........#
..#..........#....#.........#


You could see an orc warrior and a killer bee.

Vanquished Creatures
  Sigmund (D:3)
  A hungry ghost (D:7)
  The ghost of bli the Shield-Bearer, an amateur FoFi (D:4)
  2 centaurs
  2 ogres
  A big kobold (D:7)
  2 bullfrogs
  A killer bee (D:8)
  5 wights (D:6)
  A howler monkey (D:7)
  2 crimson imps
  A centaur zombie (D:7)
  A centaur skeleton (D:6)
  A hound (D:4)
  An orc priest (D:9)
  An iguana (D:9)
  3 orc wizards
  Terence (D:3)
  A worker ant (D:7)
  A hound skeleton (D:6)
  2 worker ant zombies (D:5)
  9 gnolls
  8 adders
  A shadow imp (D:6)
  3 oozes
  An adder skeleton (D:6)
  A worm (D:3)
  2 dart slugs
  6 leopard geckos
  11 orcs
  2 ball pythons
  7 giant cockroaches
  11 goblins
  7 hobgoblins
  11 jackals
  12 kobolds
  4 quokkas
  A ball python skeleton (D:5)
  9 bats
  6 frilled lizards
  A jackal skeleton (D:5)
  A quokka zombie (D:7)
  8 rats
154 creatures vanquished.

Notes
Turn   | Place    | Note
-------+----------+-------------------------------------------
     0 | D:1      | bli the Formicid Fighter began the quest for the Orb.
     0 | D:1      | Reached XP level 1. HP: 18/18 MP: 1/1
   127 | D:1      | Reached XP level 2. HP: 9/24 MP: 2/2
   266 | D:1      | Reached skill level 4 in Shields
   266 | D:1      | Reached XP level 3. HP: 21/29 MP: 3/3
   918 | D:2      | Reached XP level 4. HP: 31/35 MP: 4/4
  1019 | D:2      | Reached XP level 5. HP: 31/42 MP: 5/5
  1500 | D:3      | Noticed Sigmund
  1514 | D:3      | Killed Sigmund
  1514 | D:3      | Reached skill level 5 in Shields
  1514 | D:3      | Reached XP level 6. HP: 16/49 MP: 6/6
  1950 | D:3      | You fall through a shaft for 2 floors!
  1950 | D:5      | Entered Level 5 of the Dungeon
  1987 | D:5      | Reached skill level 1 in Dodging
  1987 | D:5      | Reached XP level 7. HP: 44/55 MP: 7/7
  2314 | D:4      | Found a staircase to the Ecumenical Temple.
  2331 | Temple   | Entered the Ecumenical Temple
  2373 | Temple   | Became a worshipper of Makhleb the Destroyer
  2628 | D:3      | Reached skill level 6 in Shields
  2739 | D:3      | Noticed Terence
  2743 | D:3      | Killed Terence
  3062 | D:4      | Noticed bli's ghost (amateur FoFi)
  3099 | D:4      | Killed bli's ghost
  3099 | D:4      | Reached * piety under Makhleb
  3099 | D:4      | Reached skill level 1 in Stealth
  3238 | D:4      | Reached skill level 5 in Fighting
  3284 | D:4      | Found an iron altar of Okawaru.
  4266 | D:6      | Reached skill level 5 in Armour
  4273 | D:6      | Reached XP level 8. HP: 55/62 MP: 8/8
  4302 | D:6      | Found a basalt altar of Yredelemnul.
  4348 | D:6      | Reached skill level 7 in Shields
  4812 | D:6      | Found a hazy altar of Hepliaklqana.
  5204 | D:7      | Reached skill level 8 in Shields
  5246 | D:7      | Noticed a fire elemental
  5297 | D:7      | Noticed a water elemental
  5307 | D:7      | Found a stormy altar of Qazlal.
  5310 | D:7      | Noticed an air elemental
  5492 | D:7      | Found a shimmering altar of Xom.
  5497 | D:7      | Found a glowing golden altar of the Shining One.
  5498 | D:7      | Found a sacrificial altar of Ru.
  5498 | D:7      | Found a radiant altar of Vehumet.
  5501 | D:7      | Found a shadowy altar of Dithmenos.
  5503 | D:7      | Found a deep blue altar of Sif Muna.
  5585 | D:7      | Reached XP level 9. HP: 71/71 MP: 9/9
  5592 | D:7      | Reached skill level 9 in Shields
  5648 | D:7      | Found a snail-covered altar of Cheibriados.
  5790 | D:7      | Reached ** piety under Makhleb
  6072 | D:8      | You fall through a shaft!
  6493 | D:8      | HP: 2/71 [orc warrior/halberd of venom (12)]
  6495 | D:8      | Succumbed to an orc warrior's poison

Skill      XL: |  1  2  3  4  5  6  7  8  9 |
---------------+----------------------------+-----
Shields        | 4 5 6 8 9 |  9.7
Axes           | 3 4 |  4.0
Armour         | 4 5 |  5.7
Fighting       | 4 5 6 |  6.8
Dodging        | 1 2 3 |  3.1
Stealth        | 1 |  1.6

Action                   |  1- 3 |  4- 6 |  7- 9 || total
-------------------------+-------+-------+-------++-------
Melee: War axe           |    89 |       |       ||    89
       Rapier            |     8 |   115 |   179 ||   302
       Dagger            |       |       |   145 ||   145
       Long sword        |       |       |    59 ||    59
 Abil: Dig               |     2 |       |     2 ||     4
       Shaft Self        |       |       |     1 ||     1
  Use: Scroll            |       |       |    10 ||    10
  Eat: Chunk             |       |     4 |    35 ||    39
Armor: Scale mail        |    27 |       |       ||    27
       Ring mail         |    17 |    40 |    77 ||   134
Dodge: Dodged            |    34 |    44 |   127 ||   205
Block: Shield            |    58 |    42 |   214 ||   314
       Rpst.: Long sword |       |       |     5 ||     5
